[Event "Team 45 45 League T53"]
[Site "Internet Chess Club"]
[Date "2012.06.22"]
[Round "5"]
[White "alexdb"]
[Black "DarkFlow"]
[Result "0-1"]
[WhiteElo "1879"]
[BlackElo "1934"]
[Opening "Ruy Lopez: Wormald (Alapin) attack"]
[ECO "C77"]
[Time "14:12:18"]
[TimeControl "2700+45"]

1. e4 e5 2. Nf3 Nc6 3. Bb5 a6 4. Ba4 Nf6 5. Qe2 b5 6. Bb3 Bc5 7. d3 d6 8. c3 h6
9. h3 Be6 10. Bc2 Bb6 11. Nbd2 O-O 12. Nf1 Ne7 13. Nh4 Qd7 14. Ng3 c5 15. Qf3 d5
16. Bxh6 Ng6 17. Bg5 dxe4 18. dxe4 Nh7 19. Qh5 Nxg5 20. Nxg6 fxg6 21. Qxg5 c4
22. O-O Rf6 23. Rad1 Qf7 24. Rd2 Rf8 25. Nh1 Qa7 26. Qxe5 Bc7 27. Qg5 Bf4 {White
resigns} 0-1

[Event "Team 45 45 League T53"]
[Site "Internet Chess Club"]
[Date "2012.06.15"]
[Round "5"]
[White "KW-Winner"]
[Black "Truxton"]
[Result "0-1"]
[WhiteElo "1958"]
[BlackElo "1888"]
[Opening "QGD: Harrwitz attack"]
[ECO "A45"]
[Time "17:02:11"]
[TimeControl "2700+45"]

1. d4 Nf6 2. Bf4 e6 3. c4 d5 4. Nc3 Bd6 5. Bg3 O-O 6. e3 Nc6 7. Nf3 Bxg3 8. hxg3
Re8 9. Bd3 dxc4 10. Bxc4 Qd6 11. Qd3 g6 12. e4 e5 13. d5 Nd4 14. O-O-O Nxf3 15.
gxf3 a6 16. Qe3 Bd7 17. g4 b5 18. Bb3 a5 19. Qh6 a4 20. Bc2 b4 21. Ne2 b3 22.
axb3 axb3 23. Bxb3 Qb4 24. Rd3 Ra1+ 25. Kc2 Rxh1 26. Qxh1 Qc5+ 27. Nc3 Qxf2+ 28.
Rd2 Qc5 29. Qh4 Qd6 30. Rh2 Rb8 31. Ba2 Rb6 32. Qf2 Bxg4 33. Rg2 Bd7 34. Kb1 Qb4
35. Qd2 Nh5 36. Rg5 Qd4 37. Qxd4 exd4 38. Ne2 d3 39. Nc3 Rb4 40. d6 cxd6 41. Rd5
Nf4 42. Rxd6 Bh3 43. Rf6 Ne2 44. Nd1 Rb7 45. Bc4 Rd7 46. b4 Kg7 47. Rc6 Nd4 48.
Rc5 Nxf3 49. Bd5 Be6 50. Bc6 Ra7 51. b5 Nd4 52. b6 Ra3 53. Bd5 Bxd5 54. Rxd5
Rb3+ 55. Ka2 Rb4 56. Nc3 d2 57. Rd6 Nb5 58. Nxb5 Rxb5 59. Ka3 d1=Q 60. Rxd1 Rxb6
61. Ka4 h5 62. Ka5 Rb2 63. Ka4 g5 64. Ka3 Rb7 65. Ka4 Kg6 66. Ka5 g4 67. Ka6 Rb2
{White resigns} 0-1

[Event "Team 45 45 League T53"]
[Site "Internet Chess Club"]
[Date "2012.06.15"]
[Round "5"]
[White "wildkingdumb2"]
[Black "Constrictor"]
[Result "0-1"]
[WhiteElo "1773"]
[BlackElo "1769"]
[Opening "Caro-Kann: Panov-Botvinnik attack, 5...e6"]
[ECO "B14"]
[Time "16:13:33"]
[TimeControl "2700+45"]

1. e4 c6 2. d4 d5 3. exd5 cxd5 4. c4 Nf6 5. Nc3 e6 6. Nf3 Bb4 7. Bg5 Qa5 8. Bd2
Nc6 9. Bd3 dxc4 10. Bxc4 O-O 11. O-O Rd8 12. a3 Bxc3 13. Bxc3 Qb6 14. Qe2 Bd7
15. Rad1 Na5 16. Bd3 Ba4 17. Bc2 Bxc2 18. Qxc2 Rac8 19. Qe2 Rd5 20. Ne5 Qc7 21.
f4 Nc4 22. f5 exf5 23. Rxf5 Nd6 24. Rf4 Re8 25. Qf3 Rb5 26. Rxf6 gxf6 27. Qg4+
Kh8 28. Nd7 Rg5 29. Qh3 Reg8 30. g3 Qc8 31. d5 R5g6 32. Qh4 Qxd7 33. Bxf6+ Rxf6
34. Qxf6+ Rg7 35. Rf1 Kg8 36. Re1 Rg6 37. Qd4 a6 38. Rd1 Nf5 39. Qf4 Nd6 40. Qd4
Rg4 41. Qe5 Qc7 42. Rf1 Rg6 43. Rf4 Nb5 44. Qh5 Qe7 45. Qf5 Nd6 46. Qd3 Qe5 47.
Qd2 Nb5 48. Rc4 Nd6 49. Rd4 Qf5 50. Rf4 Qe5 51. Rd4 Nf5 52. Rd3 Rg4 53. d6 Rd4
54. d7 Rxd3 55. Qxd3 Qc5+ 56. Kg2 Qc6+ 57. Kf2 Qc5+ 58. Ke1 Qe7+ 59. Kd2 Nd6 60.
Qd5 Qxd7 61. Qg5+ Kf8 62. Qh6+ Ke8 63. Qxh7 Nf5+ 64. Ke2 Qe6+ 65. Kf2 Qe3+ 66.
Kg2 Qe2+ 67. Kh3 Qf1+ 68. Kg4 Ne3+ 69. Kg5 f6+ 70. Kg6 Qf5+ 71. Kg7 Qxh7+ 72.
Kxh7 Kf7 73. Kh6 Nf1 74. g4 Nxh2 75. g5 fxg5 76. Kxg5 Ke6 77. Kf4 Kd5 78. Ke3
Kc4 79. Kd2 Kb3 80. Kc1 Ng4 81. Kb1 Ne3 82. Ka1 Nc4 83. a4 Nxb2 84. a5 Nc4 85.
Kb1 Nxa5 86. Ka1 {White resigns} 0-1

[Event "Team 45 45 League T53"]
[Site "Internet Chess Club"]
[Date "2012.06.18"]
[Round "5"]
[White "ghostfire"]
[Black "AVEMARIA"]
[Result "1/2-1/2"]
[WhiteElo "1755"]
[BlackElo "1716"]
[Opening "Scandinavian (center counter) defense"]
[ECO "B01"]
[Time "21:02:23"]
[TimeControl "2700+45"]

1. e4 d5 2. exd5 Qxd5 3. Nc3 Qa5 4. Bb5+ c6 5. Bc4 Nf6 6. h3 Bf5 7. Nf3 e6 8.
O-O Nbd7 9. Re1 Be7 10. Nh4 Bg6 11. Nxg6 hxg6 12. d4 Nb6 13. Bf1 O-O-O 14. a3
Nbd5 15. Bd2 Qc7 16. Nxd5 exd5 17. b4 Ne4 18. Be3 f5 19. b5 c5 20. dxc5 Bxc5 21.
Bxc5 Qxc5 22. Qf3 Nd2 23. Qd3 Nxf1 24. Qxf1 Rhe8 25. a4 Re4 26. Rxe4 dxe4 27.
Qe2 Qc3 28. Rd1 Rxd1+ 29. Qxd1 e3 30. fxe3 Qxe3+ 31. Kh1 Qe5 32. Qb1 f4 33. Qb3
g5 34. Qc4+ Kb8 35. Qb4 Qa1+ 36. Kh2 Qe5 37. Kg1 b6 38. c4 Qe3+ 39. Kh2 Qe5 40.
Qf8+ Kc7 41. Qf7+ Kb8 {Game drawn by mutual agreement} 1/2-1/2

[Event "Team 45 45 League T53"]
[Site "Internet Chess Club"]
[Date "2012.06.19"]
[Round "5"]
[White "HelioAraujo"]
[Black "lacibacsi"]
[Result "0-1"]
[WhiteElo "1891"]
[BlackElo "2038"]
[Opening "English, 1...Nf6 (Anglo-Indian defense)"]
[ECO "A15"]
[Time "16:03:36"]
[TimeControl "2700+45"]

1. c4 Nf6 2. g3 g6 3. Bg2 Bg7 4. Nc3 O-O 5. d3 d6 6. Bg5 h6 7. Bd2 Nc6 8. e4 e5
9. Nge2 Nb4 10. Qb1 a5 11. O-O c6 12. a3 Na6 13. b4 Nh5 14. Qc1 Kh7 15. Rb1 axb4
16. axb4 f5 17. f4 Nf6 18. h3 Be6 19. Kh2 Qe7 20. Nd1 Nh5 21. Nf2 Nc7 22. fxe5
dxe5 23. Be3 f4 24. Bc5 Qg5 25. Kh1 Rf7 26. gxf4 exf4 27. Bf3 Qh4 28. Kh2 Ng3
29. Rg1 Ra2 30. Nxf4 Be5 31. Rxg3 Bxf4 32. Qg1 Qxh3# {White checkmated} 0-1

[Event "Team 45 45 League T53"]
[Site "Internet Chess Club"]
[Date "2012.06.19"]
[Round "5"]
[White "mitus"]
[Black "JustinL"]
[Result "0-1"]
[WhiteElo "1826"]
[BlackElo "1939"]
[Opening "Ruy Lopez: classical (Cordel) defense"]
[ECO "C64"]
[Time "09:02:41"]
[TimeControl "2700+45"]

1. e4 e5 2. Nf3 Nc6 3. Bb5 Bc5 4. O-O d6 5. c3 a6 6. Bc4 Bg4 7. d4 exd4 8. Bg5
Nge7 9. Qd3 Bxf3 10. Qxf3 Ne5 11. Qe2 h6 12. Bh4 g5 13. Bg3 N7g6 14. Rd1 dxc3
15. Nxc3 c6 16. Bb3 Qe7 17. Qh5 O-O-O 18. Rac1 Nf4 19. Bxf4 gxf4 20. Qf5+ Kc7
21. Qxf4 Rdg8 22. h3 Rg6 23. Nd5+ cxd5 24. Rxc5+ dxc5 25. Rxd5 Re8 26. Rxe5 Qxe5
27. Qxf7+ Re7 28. Qxg6 Qxe4 29. Qxh6 Qe1+ 30. Kh2 Qxf2 31. Qg7 Rxg7 {White
resigns} 0-1

[Event "Team 45 45 League T53"]
[Site "Internet Chess Club"]
[Date "2012.06.17"]
[Round "5"]
[White "BYOB69"]
[Black "KingOfKings"]
[Result "1/2-1/2"]
[WhiteElo "1794"]
[BlackElo "1689"]
[Opening "Queen's pawn: London system"]
[ECO "A45"]
[Time "23:30:25"]
[TimeControl "2700+45"]

1. d4 Nf6 2. Bf4 c5 3. e3 Qb6 4. Nc3 Qxb2 5. Nb5 Na6 6. dxc5 Qb4+ 7. Qd2 Qxc5 8.
Bd3 Nd5 9. Bg3 Ndc7 10. c4 e5 11. Nf3 d6 12. O-O Be6 13. Rac1 Be7 14. Rfd1 O-O
15. Be4 Rab8 16. a4 f5 17. Bd5 Rfd8 18. Bh4 Bxh4 19. Nxh4 g6 20. Nf3 Bxd5 21.
cxd5 Qb6 22. Rb1 Nxb5 23. Rxb5 Qc7 24. Ng5 Re8 25. Rc1 Qd7 26. Ne6 b6 27. Qb2
Rbc8 28. Rb3 Nc7 29. Nxc7 Rxc7 30. Rxc7 Qxc7 31. Rc3 Qd7 32. Rc6 Qe7 33. Qc3 Rd8
34. Rc7 Rd7 35. Rc8+ Rd8 36. Rc7 Rd7 37. Rc8+ Kf7 {Game drawn by mutual
agreement} 1/2-1/2

[Event "Team 45 45 League T53"]
[Site "Internet Chess Club"]
[Date "2012.06.17"]
[Round "5"]
[White "hcube"]
[Black "Packerfan"]
[Result "0-1"]
[WhiteElo "1669"]
[BlackElo "1831"]
[Opening "Two knights defense"]
[ECO "C56"]
[Time "15:10:09"]
[TimeControl "2700+45"]

1. e4 e5 2. Nf3 Nc6 3. Bc4 Nf6 4. d4 exd4 5. O-O Nxe4 6. Re1 d5 7. Bxd5 Qxd5 8.
Nc3 Qa5 9. Nxe4 Be6 10. Bg5 Bb4 11. Re2 O-O 12. a3 Bc4 13. axb4 Bxe2 14. bxa5
Bxd1 15. Rxd1 Rfe8 16. Ng3 f6 17. Bd2 Re6 18. h3 Rd8 19. Bf4 Rd7 20. Be3 Kf7 21.
Rd2 Red6 22. Nf5 dxe3 23. Nxd6+ Rxd6 24. Rxd6 exf2+ 25. Kxf2 cxd6 26. a6 bxa6
27. Ke3 Ne5 28. Nd2 Ke6 29. b3 g5 30. Ne4 h5 31. c4 a5 32. Nc3 h4 33. Nb5 Nc6
34. Nc7+ Ke5 35. Nd5 f5 36. Kd3 Nb4+ 37. Nxb4 axb4 38. Ke3 a5 {White resigns}
0-1

[Event "Team 45 45 League T53"]
[Site "Internet Chess Club"]
[Date "2012.06.16"]
[Round "5"]
[White "parpin"]
[Black "Matusalen"]
[Result "1/2-1/2"]
[WhiteElo "1934"]
[BlackElo "2127"]
[Opening "Scandinavian: Pytel-Wade variation"]
[ECO "B01"]
[Time "15:04:54"]
[TimeControl "2700+45"]

1. e4 d5 2. exd5 Qxd5 3. Nc3 Qd6 4. d4 Nf6 5. Nf3 c6 6. Bd3 Bg4 7. Be3 e6 8. h3
Bh5 9. Qd2 Nbd7 10. Bf4 Qb4 11. a3 Qb6 12. Na4 Qd8 13. g4 Bg6 14. O-O-O b5 15.
Nc3 b4 16. Nb1 Nd5 17. Bxg6 hxg6 18. Bg3 Be7 19. axb4 Bxb4 20. Qd3 Be7 21. Nbd2
Qa5 22. Kb1 c5 23. Ne5 Nxe5 24. Bxe5 Nb4 25. Qc4 O-O 26. dxc5 Bxc5 27. Ne4 Rac8
28. Bc3 Be7 29. Qb3 Rc6 30. Bxb4 Bxb4 31. c3 Be7 32. Rd4 Qc7 33. Rhd1 Rb8 34.
Qa4 Rcb6 35. R1d2 Qb7 36. Qa2 a5 37. f3 Qa6 38. Qc4 Qb7 39. Qa2 Qa6 40. Qc4 Qxc4
41. Rxc4 Ba3 42. Ra4 Bxb2 43. Kc2 Rb5 44. Rd6 Rb3 45. Rc6 Ba3 46. Rxa5 Be7 47.
Ra7 Bd8 48. Nd6 R3b6 49. Rxb6 Bxb6 50. Rd7 Rd8 51. Rxd8+ Bxd8 52. c4 Kf8 53. c5
Ke7 54. Kb3 g5 55. Kc4 Bc7 56. Ne4 Bf4 57. Kb5 f5 58. Nc3 Kd8 59. Kc6 Kc8 60.
gxf5 exf5 61. Nd5 Bd2 62. Ne7+ Kd8 63. Nxf5 g6 64. Nd4 Be3 65. Ne6+ Ke7 66. Kd5
Bc1 67. c6 Bd2 68. Nf8 Ba5 69. Nxg6+ Kf7 70. Ne5+ Ke7 71. Nd7 Bd2 72. Nc5 Bf4
73. Ne6 Bd2 74. Nc5 Bf4 75. Na6 Bd2 76. Ke5 Be3 77. Nb4 Bf4+ 78. Kf5 Bd2 79.
Nd5+ Kd6 80. Nf6 Kxc6 81. Ne4 Be1 82. Kxg5 Kd5 83. h4 Ke6 84. h5 Kf7 85. Nc5 Bb4
86. Ne4 Be7+ 87. Kf5 Kg7 88. f4 Kh6 89. Kg4 Kg7 90. Ng3 Bd8 91. Nf5+ Kh7 92. Nd6
Be7 93. Nf7 Kg7 94. Ne5 Kh6 95. Nc6 Bf6 96. Nb8 Be7 97. Nd7 Bd8 98. Ne5 Be7 99.
f5 Kg7 100. Kf4 Kh6 101. Kg4 Kg7 102. Nc6 Bf6 103. Nb4 Bc3 104. Nd5 Bb2 105. Nf4
Kh6 106. Nd5 {Game drawn by mutual agreement} 1/2-1/2

[Event "Team 45 45 League T53"]
[Site "Internet Chess Club"]
[Date "2012.06.18"]
[Round "5"]
[White "ben622"]
[Black "perikitosax"]
[Result "1/2-1/2"]
[WhiteElo "1938"]
[BlackElo "1962"]
[Opening "Sicilian: Taimanov variation"]
[ECO "B48"]
[Time "12:02:04"]
[TimeControl "2700+45"]

1. e4 c5 2. Nf3 e6 3. d4 cxd4 4. Nxd4 Nc6 5. Nc3 Qc7 6. Be3 a6 7. Bd3 Nf6 8. O-O
Ne5 9. h3 Bc5 10. Qe2 d6 11. f4 Ng6 12. Nb3 Bxe3+ 13. Qxe3 O-O 14. Na4 b5 15.
Nb6 Rb8 16. Nxc8 Rfxc8 17. a4 e5 18. fxe5 Nxe5 19. axb5 axb5 20. Nd4 Qc5 21. Nf5
Qxe3+ 22. Nxe3 Nc4 23. Nf5 Kf8 24. Bxc4 Rxc4 25. Nxd6 Rc7 26. c3 Ne8 27. Nxe8
Rxe8 28. Rae1 g6 29. Rf6 Re5 30. Kf2 Rce7 31. Rb6 f5 32. Ra1 fxe4 33. Ra5 e3+
34. Ke1 Rf5 35. Raxb5 Rf2 36. Rb8+ Kf7 37. R8b7 Rxg2 38. Rxe7+ Kxe7 39. Re5+ Kd6
40. Rxe3 Rxb2 41. Re2 Rb1+ {Game drawn by mutual agreement} 1/2-1/2

[Event "Team 45 45 League T53"]
[Site "Internet Chess Club"]
[Date "2012.06.17"]
[Round "5"]
[White "kabindra"]
[Black "jjmolina"]
[Result "0-1"]
[WhiteElo "1765"]
[BlackElo "1928"]
[Opening "Giuoco Piano"]
[ECO "C50"]
[Time "14:00:36"]
[TimeControl "2700+45"]

1. e4 e5 2. Nf3 Nc6 3. Bc4 Bc5 4. d4 exd4 5. c3 dxc3 6. Nxc3 d6 7. Qb3 Qd7 8.
Qd1 Nf6 9. Bg5 Ng4 10. O-O Nge5 11. Bb5 Nxf3+ 12. Qxf3 a6 13. Ba4 b5 14. Bd1 Ne5
15. Qg3 h6 16. Bc1 Ng6 17. h3 O-O 18. Bb3 Kh7 19. Bc2 Kh8 20. Bb3 Kh7 21. Bc2
Kh8 22. Kh1 Bb7 23. f4 Rae8 24. f5 Ne5 25. f6 Ng6 26. h4 Re5 27. Rf5 Rg8 28. h5
Rxf5 29. exf5 Ne5 30. Qf4 Qe8 31. Ne4 Bxe4 32. Bxe4 Qf8 33. fxg7+ Qxg7 34. Qxh6+
Qxh6 35. Bxh6 Rg4 36. Kh2 Rxe4 37. Kh3 Ng4 38. Bf8 Kg8 39. Be7 Nf2+ 40. Kg3 Rxe7
41. Kf4 Re4+ 42. Kf3 Re5 43. Kf4 Nd3+ 44. Kg5 Be3+ 45. Kg4 Nxb2 {White resigns}
0-1

[Event "Team 45 45 League T53"]
[Site "Internet Chess Club"]
[Date "2012.06.15"]
[Round "5"]
[White "TerryMalloy"]
[Black "fledermaus"]
[Result "0-1"]
[WhiteElo "2069"]
[BlackElo "1966"]
[Opening "QGD: Cambridge Springs defense, Bogolyubov variation"]
[ECO "D52"]
[Time "10:02:22"]
[TimeControl "2700+45"]

1. d4 d5 2. c4 e6 3. Nc3 Nf6 4. Bg5 Nbd7 5. e3 c6 6. Nf3 Qa5 7. Nd2 Bb4 8. Qc2
Ne4 9. Ndxe4 dxe4 10. Bf4 e5 11. dxe5 Nxe5 12. a3 Bxc3+ 13. Qxc3 Qxc3+ 14. bxc3
f6 15. c5 Be6 16. O-O-O Nd7 17. Bd6 O-O-O 18. Kc2 f5 19. g3 Nf6 20. Rd2 Rd7 21.
Be2 Rhd8 22. h3 Ne8 23. Rhd1 b5 24. a4 a6 25. a5 Nxd6 26. cxd6 c5 27. h4 Kb7 28.
Bf1 Kc6 29. Bg2 Rxd6 30. f3 Bb3+ 31. Kxb3 Rxd2 32. Rxd2 Rxd2 {White resigns} 0-1

[Event "Team 45 45 League T53"]
[Site "Internet Chess Club"]
[Date "2012.06.18"]
[Round "5"]
[White "SaltofLife"]
[Black "JeremyWa"]
[Result "1-0"]
[WhiteElo "1967"]
[BlackElo "1714"]
[Opening "Queen's pawn game"]
[ECO "A46"]
[Time "15:31:52"]
[TimeControl "2700+45"]

1. d4 Nf6 2. Nf3 e6 3. c3 c5 4. Bg5 cxd4 5. cxd4 d5 6. Nc3 Be7 7. e3 O-O 8. Ne5
Qb6 9. Qc2 Nc6 10. f4 Nd7 11. Bxe7 Nxe7 12. Bd3 Nxe5 13. fxe5 f5 14. O-O Bd7 15.
Qb3 Qxb3 16. axb3 a6 17. Na4 Bxa4 18. bxa4 Rac8 19. Rfc1 Rxc1+ 20. Rxc1 Rc8 21.
Rxc8+ Nxc8 22. b4 Nb6 23. a5 Na4 24. b5 axb5 25. Bxb5 Nb2 26. Kf1 Kf7 27. Ke2
Ke7 28. Kd2 Kd8 29. Kc2 Nc4 30. Bxc4 dxc4 31. Kc3 Kc7 32. Kxc4 Kc6 33. g3 g6 34.
Kb4 g5 35. Kc4 h6 36. Kb4 Kd5 37. Kb5 Ke4 38. Kb6 Kxe3 39. Kxb7 f4 40. gxf4 gxf4
41. a6 f3 42. a7 f2 43. a8=Q f1=Q 44. Qa3+ Ke4 45. Qd6 Qb5+ 46. Kc7 Qe8 47. Qc6+
{Black resigns} 1-0

[Event "Team 45 45 League T53"]
[Site "Internet Chess Club"]
[Date "2012.06.16"]
[Round "5"]
[White "bondguy01"]
[Black "jonesey"]
[Result "0-1"]
[WhiteElo "1626"]
[BlackElo "1837"]
[Opening "Caro-Kann defense"]
[ECO "B12"]
[Time "18:14:15"]
[TimeControl "2700+45"]

1. e4 c6 2. d4 Qb6 3. Nf3 d6 4. Nc3 Nf6 5. Be2 g6 6. e5 dxe5 7. dxe5 Ng4 8. O-O
Bg7 9. Bc4 Qc5 10. Bb3 Nxe5 11. Nxe5 Qxe5 12. Re1 Qc7 13. Qf3 O-O 14. Bf4 e5 15.
Bg3 Nd7 16. Ne4 c5 17. Nd2 Rb8 18. Rad1 b5 19. c4 Bb7 20. Qe3 Qc6 21. Qe4 b4 22.
Qxc6 Bxc6 23. Ne4 f5 24. Ng5 f4 25. Bxf4 Rxf4 26. Rd6 Rf6 27. Red1 Rxd6 28. Rxd6
Rc8 29. Bc2 Bf8 30. Rd3 Be7 31. Ne4 Nf8 32. Rd1 Ne6 33. a3 Rd8 34. Re1 Nd4 35.
Bd3 Ne6 36. Bc2 bxa3 37. bxa3 Rd4 38. f3 Kg7 39. a4 Nf4 40. g3 Nd3 41. Rd1 Nb4
42. Rxd4 cxd4 43. Bd1 Bxe4 44. fxe4 Kf6 45. Kf1 Ke6 46. Bg4+ Kd6 47. Ke2 Na6 48.
h4 Kc5 49. Be6 Kb4 50. Bg8 h6 51. Bh7 g5 52. hxg5 hxg5 {White resigns} 0-1

[Event "Team 45 45 League T53"]
[Site "Internet Chess Club"]
[Date "2012.06.14"]
[Round "5"]
[White "fishhead"]
[Black "losscause"]
[Result "1-0"]
[WhiteElo "1942"]
[BlackElo "1618"]
[Opening "Caro-Kann: two knights, 3...Bg4"]
[ECO "B10"]
[Time "20:01:09"]
[TimeControl "2700+45"]

1. e4 c6 2. Nf3 d5 3. Nc3 Bg4 4. h3 Bh5 5. exd5 cxd5 6. Bb5+ Nc6 7. g4 Bg6 8.
Ne5 Rc8 9. d4 e6 10. h4 f6 11. Nxg6 hxg6 12. g5 Bb4 13. Qg4 Kf7 14. Bd2 Nge7 15.
O-O-O Nf5 16. gxf6 gxf6 17. Rdg1 Nce7 18. h5 g5 19. Bd3 Qa5 20. h6 Rh7 21. f4
Bxc3 22. bxc3 Qa3+ 23. Kd1 Rxc3 24. fxg5 fxg5 25. Bxf5 exf5 26. Qh5+ Ng6 27.
Rxg5 Rg3 28. Qxg6+ {Black resigns} 1-0

[Event "Team 45 45 League T53"]
[Site "Internet Chess Club"]
[Date "2012.06.18"]
[Round "5"]
[White "Zkid"]
[Black "grabuark"]
[Result "1-0"]
[WhiteElo "2304"]
[BlackElo "2192"]
[Opening "Sicilian: dragon, Yugoslav attack, Rauser variation"]
[ECO "B76"]
[Time "23:01:30"]
[TimeControl "2700+45"]

1. e4 c5 2. Nf3 d6 3. d4 cxd4 4. Nxd4 Nf6 5. Nc3 g6 6. Be3 Bg7 7. f3 O-O 8. Qd2
Nc6 9. O-O-O Bd7 10. g4 Rc8 11. h4 Ne5 12. h5 Qa5 13. Nb3 Qc7 14. Be2 b5 15. Kb1
b4 16. Nd5 Nxd5 17. exd5 a5 18. Nd4 Nc4 19. Bxc4 Qxc4 20. hxg6 fxg6 21. Qh2 Kf7
22. Qf4+ Kg8 23. Qh2 Kf7 24. b3 Qc3 25. Rd3 Qc7 26. Bh6 Rg8 27. Qf4+ Ke8 28.
Bxg7 Rxg7 29. Re3 Rf7 30. Qg5 Kf8 31. f4 Qc5 32. Rxe7 Rxe7 33. Qf6+ Rf7 34. Qh8+
Ke7 35. Re1+ Be6 36. Nc6+ Kd7 37. dxe6+ {Black resigns} 1-0

[Event "Team 45 45 League T53"]
[Site "Internet Chess Club"]
[Date "2012.06.19"]
[Round "5"]
[White "Zumbi"]
[Black "Alexei"]
[Result "1-0"]
[WhiteElo "2165"]
[BlackElo "2194"]
[Opening "French: Tarrasch, closed variation, main line"]
[ECO "C06"]
[Time "08:50:20"]
[TimeControl "2700+45"]

1. e4 e6 2. d4 d5 3. Nd2 Nf6 4. e5 Nfd7 5. Bd3 c5 6. c3 Nc6 7. Ne2 cxd4 8. cxd4
f6 9. exf6 Nxf6 10. Nf3 Bd6 11. O-O Qc7 12. Bg5 O-O 13. Rc1 Nh5 14. Ng3 Nf4 15.
Bb1 Bd7 16. Re1 Rae8 17. Qc2 g6 18. Ne5 Bxe5 19. dxe5 Qb6 20. Bxf4 Rxf4 21. Nh5
Rf7 22. Nf6+ Kh8 23. Nxe8 Bxe8 24. Qd2 Ne7 25. Re3 Bc6 26. Rb3 Qc7 27. f4 Qd7
28. Qd4 Bb5 29. Qxa7 Rxf4 30. Qb8+ Kg7 31. Qd6 Qe8 32. Qxe6 Bc6 33. Rf1 {Black
resigns} 1-0

[Event "Team 45 45 League T53"]
[Site "Internet Chess Club"]
[Date "2012.06.17"]
[Round "5"]
[White "Pacini"]
[Black "Ptzz"]
[Result "1-0"]
[WhiteElo "2145"]
[BlackElo "2053"]
[Opening "Caro-Kann: Panov-Botvinnik attack"]
[ECO "B13"]
[Time "14:17:40"]
[TimeControl "2700+45"]

1. e4 c6 2. d4 d5 3. exd5 cxd5 4. c4 Nf6 5. Nf3 Nc6 6. Nc3 Bg4 7. Be3 e6 8. c5
Be7 9. Be2 O-O 10. O-O b6 11. Bb5 Rc8 12. Bxc6 Rxc6 13. Qa4 Rc8 14. Ne5 bxc5 15.
Nc6 Qd7 16. Nxe7+ Qxe7 17. dxc5 Bf5 18. b4 Rfd8 19. Bg5 h6 20. Bxf6 Qxf6 21. Nb5
Bd3 22. Rfd1 Bxb5 23. Qxb5 d4 24. Rac1 Qe5 25. a3 Qd5 26. Qc4 d3 27. Qxd5 Rxd5
28. Rc3 Rcd8 29. f3 Kf8 30. Kf2 Ke7 31. Rd2 g5 32. g3 R8d7 33. f4 gxf4 34. gxf4
Kd8 35. Ke3 Rh5 36. Rdxd3 Rh3+ 37. Kd2 Rxh2+ 38. Ke3 Rh3+ 39. Kd2 Rhxd3+ 40.
Rxd3 Rxd3+ 41. Kxd3 f6 42. a4 Kc7 43. b5 Kb7 44. Ke4 Kc7 45. a5 Kb7 46. f5 e5
47. Kd5 h5 48. Kd6 h4 49. Kd7 {Black resigns} 1-0

[Event "Team 45 45 League T53"]
[Site "Internet Chess Club"]
[Date "2012.06.16"]
[Round "5"]
[White "Jack-ONeill"]
[Black "Bubacik"]
[Result "0-1"]
[WhiteElo "2091"]
[BlackElo "2164"]
[Opening "Queen's pawn, Mason variation"]
[ECO "D00"]
[Time "11:03:13"]
[TimeControl "2700+45"]

1. d4 d5 2. Bf4 Bf5 3. e3 e6 4. Nf3 Bd6 5. Bg3 Nf6 6. c4 Bxb1 7. Qxb1 Bb4+ 8.
Kd1 O-O 9. c5 c6 10. Bd3 Nbd7 11. Ne5 Nxe5 12. Bxe5 h6 13. Qc2 Ba5 14. a3 Bc7
15. f4 Ng4 16. Qe2 Nxe5 17. fxe5 f6 18. Qg4 fxe5 19. Qxe6+ Kh8 20. dxe5 Qe8 21.
Qxe8 Raxe8 22. Ke2 Bxe5 23. Raf1 Bxb2 24. Rxf8+ Rxf8 25. Rb1 Bxa3 26. Rxb7 Bxc5
27. Rc7 Rf6 28. Rc8+ Bf8 29. Rc7 Kg8 30. Rxa7 Re6 31. Rd7 Bc5 32. e4 Kf8 33. Kf3
Rf6+ 34. Kg4 Bd6 35. g3 d4 36. Bc4 c5 37. h4 g6 38. Rh7 h5+ 39. Kg5 Be7 40. Kh6
g5+ 41. Kxg5 d3 42. Rh8+ Kg7 43. Rg8+ Kh7 44. Re8 Rf7+ 45. Kxh5 d2 46. Bb3 Kg7
47. e5 Rf5+ 48. Kg4 Rxe5 49. Kf4 Re1 50. Kf3 c4 51. Bc2 Kf7 52. Rc8 Rc1 53. Ba4
c3 54. Ke2 Re1+ 55. Kd3 Bf6 56. Rc7+ Kg6 57. g4 d1=Q+ 58. Bxd1 Rxd1+ 59. Kc2
Rd2+ 60. Kb3 Rb2+ 61. Kc4 Rh2 62. h5+ Kg5 63. Rc6 Rf2 {White resigns} 0-1

[Event "Team 45 45 League T53"]
[Site "Internet Chess Club"]
[Date "2012.06.15"]
[Round "5"]
[White "universe"]
[Black "Turzo"]
[Result "1-0"]
[WhiteElo "2169"]
[BlackElo "2270"]
[Opening "Sicilian: Najdorf, Opocensky variation"]
[ECO "B92"]
[Time "13:28:28"]
[TimeControl "2700+45"]

1. e4 c5 2. Nf3 d6 3. d4 cxd4 4. Nxd4 Nf6 5. Nc3 a6 6. Be2 e5 7. Nb3 Be7 8. O-O
Be6 9. f4 exf4 10. Bxf4 Nc6 11. Qe1 O-O 12. Qg3 Qc7 13. Rad1 Rfd8 14. Bh6 Ne8
15. Nd5 Bxd5 16. exd5 Ne5 17. Nd4 Kh8 18. Be3 g6 19. c4 Bf6 20. b3 Bg7 21. Bg5
Rdc8 22. a4 a5 23. Kh1 Qd7 24. Rde1 f6 25. Be3 Nc7 26. Bd1 Rf8 27. Bd2 f5 28.
Bf4 Rae8 29. Bc2 Nf7 30. Qf2 Rxe1 31. Rxe1 Re8 32. Bd2 b6 33. Ne6 Rb8 34. Nxg7
Kxg7 35. Bc3+ Kg8 36. Qd4 Ne5 37. Rxe5 dxe5 38. Qxe5 Rd8 39. Qh8+ Kf7 40. Qxh7+
Ke8 41. Qxg6+ Qf7 42. Qxb6 Nxd5 43. cxd5 Rc8 44. Qb5+ Kf8 45. d6 Rxc3 46. d7 Qe7
47. Qxf5+ Kg7 48. Qh7+ Kf6 49. Qh8+ Kg5 50. d8=Q {Black resigns} 1-0

[Event "Team 45 45 League T53"]
[Site "Internet Chess Club"]
[Date "2012.06.15"]
[Round "5"]
[White "lacibacsi"]
[Black "TerryMalloy"]
[Result "1-0"]
[WhiteElo "2028"]
[BlackElo "2053"]
[Opening "Sicilian: closed, 6.Be3"]
[ECO "B26"]
[Time "16:02:27"]
[TimeControl "2700+45"]

1. e4 c5 2. Nc3 d6 3. g3 g6 4. Bg2 Bg7 5. d3 Nc6 6. Be3 Nf6 7. h3 Rb8 8. f4 e5
9. Nge2 O-O 10. O-O Nd4 11. Qd2 b5 12. g4 b4 13. Nd1 Nd7 14. f5 f6 15. Nc1 g5
16. c3 Nc6 17. Bf2 Bb7 18. Ne3 bxc3 19. bxc3 Ne7 20. Nb3 Qc7 21. Rfd1 Rfd8 22.
a4 Bxe4 23. Bxe4 Rxb3 24. Nd5 Qb8 25. Nxe7+ Kf8 26. Nc6 Rb2 27. Nxb8 Rxd2 28.
Nxd7+ Rxd7 29. Rxd2 {Black resigns} 1-0

[Event "Team 45 45 League T53"]
[Site "Internet Chess Club"]
[Date "2012.06.16"]
[Round "5"]
[White "ben622"]
[Black "JohanWassermann"]
[Result "0-1"]
[WhiteElo "1937"]
[BlackElo "1963"]
[Opening "Sicilian: Sozin with ...a6 and ...b5"]
[ECO "B87"]
[Time "14:05:23"]
[TimeControl "2700+45"]

1. e4 c5 2. Nf3 d6 3. d4 cxd4 4. Nxd4 Nf6 5. Nc3 a6 6. Bc4 e6 7. Bb3 b5 8. O-O
Be7 9. Qf3 Qc7 10. Qg3 Nc6 11. Nxc6 Qxc6 12. Re1 Bb7 13. a3 Rd8 14. Bg5 O-O 15.
Re2 Rfe8 16. Rae1 Kh8 17. Qh4 Ng8 18. Re3 h6 19. Bxe7 Nxe7 20. Rf3 Ng6 21. Qh5
Re7 22. Rfe3 Qc5 23. Qe2 Ne5 24. f4 Nc6 25. Kh1 Nd4 26. Qg4 a5 27. Rg3 f5 28.
Qh4 Rde8 29. e5 a4 30. Ba2 Nxc2 31. exd6 Nxe1 32. dxe7 Qf2 33. Rf3 Qxg2# {White
checkmated} 0-1

[Event "Team 45 45 League T53"]
[Site "Internet Chess Club"]
[Date "2012.06.14"]
[Round "5"]
[White "chess9793"]
[Black "Warren"]
[Result "0-1"]
[WhiteElo "2140"]
[BlackElo "2215"]
[Opening "Sicilian: Pelikan, Chelyabinsk variation"]
[ECO "B33"]
[Time "11:09:34"]
[TimeControl "2700+45"]

1. e4 c5 2. Nf3 Nc6 3. d4 cxd4 4. Nxd4 Nf6 5. Nc3 e5 6. Ndb5 d6 7. Bg5 a6 8. Na3
b5 9. Nd5 Be7 10. Bxf6 Bxf6 11. c4 Nd4 12. cxb5 Bb7 13. Nc3 O-O 14. bxa6 Rxa6
15. Nab5 Qa5 16. f3 Rb6 17. a4 Qb4 18. Qb1 Rc8 19. Bd3 Bh4+ 20. g3 Nxf3+ 21. Kf2
Nd2 22. Qc2 Bg5 23. Rhd1 Qc5+ 24. Kg2 Qe3 25. h4 Qf3+ 26. Kh3 Bf4 27. Rg1 g5 28.
Rg2 d5 29. exd5 Rh6 30. Bxh7+ Kh8 31. Kh2 Rxh4+ 32. Kg1 Be3+ {White resigns} 0-1